Description

prottos test

Replay - King's Cove LE (34)

Build Order

Get SALT Encoding   

  12  0:00  Probe  
  13  0:12  Probe  
  13  0:18  Pylon  
  14  0:24  Probe  
  15  0:36  Probe  
  15  0:39  Gateway  
  15  0:48  Assimilator, Probe  
  17  0:57  Probe  
  17  1:05  Probe  
  18  1:18  Pylon  
  18  1:27  Zealot  
  20  1:28  Cybernetics Core  
  21  1:33  Probe  
  22  1:45  Zealot  
  24  1:49  Probe  
  24  2:11  Adept, Nexus  
  25  2:17  Warp Gate  
  27  2:18  Probe  
  27  2:25  Assimilator  
  28  2:30  Probe  
  28  2:35  Stalker  
  30  2:41  Pylon  
  30  2:59  Probe  
  32  3:11  Probe  
  32  3:14  Gateway, Robotics Facility  
  31  3:17  Gateway  
  31  3:24  Probe  
  35  3:28  Probe  
  35  3:35  Gateway  
  35  3:40  Gateway  
  39  3:51  Gateway  
  41  4:01  Warp Prism  
  41  4:10  Probe  
  45  4:12  Stalker  
  47  4:17  Stalker  
  47  4:19  Pylon  
  47  4:22  Stalker  
  47  4:44  Stalker x4  
  53  5:01  Zealot x4  
  53  5:05  Zealot  
  55  5:19  Stalker  
  58  5:23  Pylon  
  58  5:41  Zealot x5  
  48  5:49  Stalker  
Spawning Tool Build Advisor. Get it on Overwolf

Go to:

Details

  • Created by: Dathan
  • Published on: Jul 14, 2019
  • Modified on: Jul 14, 2019
  • Patch: 4.7.1
Show
View Real Time Build Order
Export as new Build Order

Comments (0)

There are no comments. Be the first!

Create an account to comment!